 Dungeon Crawl Stone Soup version 0.26-a0-852-g6321bf7485 (webtiles) character file.

Game seed: 18182118788536737385

5171 mhtbhm the Basher (level 10, -7/61 HPs)
             Began as a Gargoyle Fighter on Nov 21, 2020.
             Was a Believer of Okawaru.
             Mangled by Gastronok (33 damage)
             ... on level 1 of the Lair of Beasts.
             The game lasted 00:11:26 (7921 turns).

mhtbhm the Basher (Gargoyle Fighter)                Turns: 7921, Time: 00:11:26

Health: -7/61      AC: 15    Str: 29    XL:     10   Next: 59%
Magic:  10/10      EV: 12    Int:  9    God:    Okawaru [**....]
Gold:   578        SH: 12    Dex: 15    Spells: 9/9 levels left

rFire    . . .     SeeInvis +   a - +5 flail of Mitheng {vorpal, rN+ SInv}
rCold    . . .     Faith    .   c - +0 kite shield
rNeg     + + .     Spirit   .   b - +0 acid dragon scales
rPois    ∞         Reflect  .   (no helmet)
rElec    +         Harm     +   e - scarf {harm}
rCorr    +         Rampage  .   (no gloves)
MR       .....                  (no boots)
Stlth    ++........             (no amulet)
HPRegen  0.20/turn              l - +6 ring of strength
MPRegen  0.12/turn              j - +6 ring of dexterity

@: mighty, slowed, very slow
A: negative energy resistance 1, electricity resistance, unbreathing,
petrification resistance, rot immunity, AC +7
a: Heroism, Renounce Religion


You were on level 1 of the Lair of Beasts.
You worshipped Okawaru.
Okawaru was pleased with you.
You visited 3 branches of the dungeon, and saw 10 of its levels.

You collected 578 gold pieces.

Inventory:

Hand Weapons
 a - the +5 flail of Mitheng (weapon) {vorpal, rN+ SInv}
   (You found it on level 7 of the Dungeon)

   It inflicts extra damage upon your enemies.
   It protects you from negative energy.
   It lets you see invisible.
Missiles
 n - 9 curare-tipped darts (quivered)
Armour
 b - +0 acid dragon scales (worn)
 c - a +0 kite shield (worn)
 e - a scarf of harm (worn)
Jewellery
 j - a +6 ring of dexterity (right hand)
 l - a +6 ring of strength (left hand)
 s - an uncursed amulet of the acrobat {unknown}
Wands
 i - a wand of random effects (23)
 t - a wand of flame (19)
 w - a wand of disintegration (11)
Scrolls
 f - 7 scrolls of remove curse
 h - 3 scrolls of teleportation
 k - 2 scrolls of enchant armour
 m - a scroll of enchant weapon
 o - 2 scrolls of fear
 q - 2 scrolls of immolation
Potions
 d - a potion of might
 g - a potion of flight
 p - a potion of cancellation
 r - 3 potions of berserk rage
 u - a potion of attraction
 v - a potion of curing
 x - a potion of invisibility
 z - a potion of haste {unknown}


   Skills:
 + Level 6.7 Fighting
 + Level 9.4 Maces & Flails
 + Level 8.1 Armour
 + Level 3.8 Dodging
 + Level 2.9 Stealth
 + Level 8.3 Shields
 + Level 0.3 Evocations


You had 9 spell levels left.
You didn't know any spells.
Your spell library contained the following spells:

 Spells                   Type           Power        Failure   Level
 Sandblast                Erth           #.....       75%         1
 Passwall                 Tmut/Erth      #.......     86%         2
 Stone Arrow              Conj/Erth      #.....       98%         3
 Petrify                  Tmut/Erth      #.......     100%        4
 Bolt of Magma            Conj/Fire/Erth #.........   100%        5
 Iskenderun's Battlesphe  Conj           #.......     100%        5
 Lee's Rapid Deconstruct  Erth           #.........   100%        5
 Iron Shot                Conj/Erth      #.........   100%        6
 Orb of Destruction       Conj           #.........   100%        7
 Spellforged Servitor     Conj/Summ      #.........   100%        7


Dungeon Overview and Level Annotations

Branches:
Dungeon (8/15)             Temple (1/1) D:7            Lair (1/6) D:8

Altars:
Elyvilon
Gozag
Makhleb
Nemelex Xobeh
Okawaru
Qazlal
Ru
Sif Muna
Uskayaw
Wu Jian
The Shining One

Shops:
D:4 }   D:7 *

Annotations:
Lair:1 Gastronok


Innate Abilities, Weirdness & Mutations

You are resistant to torment.
Your stone body is resilient. (AC +7)
You are immune to poison.
You resist negative energy. (rN+)
You are resistant to electric shocks. (rElec)
You can survive without breathing.
You are immune to petrification.
You are immune to rotting.


Message History

You are too injured to fight recklessly!
You are too injured to fight recklessly!
You are too injured to fight recklessly!
You are too injured to fight recklessly!
You are too injured to fight recklessly!
You feel better.
Gastronok chants a spell, wobbling all the while.
Your skin takes on a slight green cast.
Okay, then.
Evoke which item? (* to show all) (? for menu, Esc to quit)
Aiming: Disintegrate
Press: ? - help, Shift-Dir - straight line, f - Gastronok
Aim: Gastronok, wearing a +1 hat (moderately wounded, chance to defeat MR: 18%)
Okay, then.
Evoke which item? (* to show all) (? for menu, Esc to quit)
Okay, then.
You feel very mighty all of a sudden. Gastronok bites you!!
Ouch! That really hurt!
You die...

#..# #..# ###..#
####.#..#####..####
........... ......
....... ..... #.†w# ...#
#.@# #..# ###..# ###
##..###
.####.#..##.P####..†#.###
...................†)....
...:....$..............<.
######..######.##..)#.###
#..# ##...### #..# #...##
#..## ##...#


You could see Gastronok.

Vanquished Creatures
  Erica (Lair:1)
  Sonja (Lair:1)
  A komodo dragon (Lair:1)
  Prince Ribbit (D:8)
  Edmund (D:5)
  An acid dragon (D:8)
  A water moccasin (D:8)
  Duvessa (D:7)
  2 phantoms
  A sky beast (D:3)
  2 black bears
  3 orc warriors
  An ice beast (D:5)
  3 wolves (Lair:1)
  5 centaurs (D:7)
  2 ogres
  4 bullfrogs
  A gnoll sergeant (D:5)
  Dowan (D:7)
  A wyvern skeleton (D:8)
  A scorpion (D:6)
  A howler monkey (D:5)
  2 orc priests
  A jelly (D:8)
  2 orc wizards (D:5)
  3 bullfrog skeletons
  6 hounds
  A centaur skeleton (D:7)
  4 iguanas
  Ijyb (D:5)
  5 worker ants
  2 hound skeletons
  A worker ant zombie (D:7)
  4 gnolls
  7 adders
  A shadow imp (D:7)
  A white imp (D:7)
  2 oozes
  2 adder skeletons
  3 worms
  4 leopard geckos
  18 orcs
  7 bats
  7 giant cockroaches
  10 goblins
  4 hobgoblins
  22 jackals
  2 quokkas
  A ball python (D:4)
  6 frilled lizards
  A jackal zombie (D:5)
  6 kobolds
  A quokka skeleton (D:8)
  A quokka zombie (D:7)
  6 rats
  A bush (D:7)
181 creatures vanquished.

Vanquished Creatures (others)
  A phantom (D:7)
  A bullfrog (D:7)
  A giant cockroach (D:7)
  A fungus (D:8)
  2 plants
  5 toadstools (D:1)
11 creatures vanquished.

Grand Total: 192 creatures vanquished

Notes
Turn   | Place    | Note
-------+----------+-------------------------------------------
     0 | D:1      | mhtbhm the Gargoyle Fighter began the quest for the Orb.
     0 | D:1      | Reached XP level 1. HP: 14/14 MP: 1/1
   130 | D:1      | Reached XP level 2. HP: 19/19 MP: 2/2
   498 | D:1      | Reached XP level 3. HP: 23/23 MP: 3/3
   613 | D:2      | You fall into a shaft and drop 2 floors!
   676 | D:4      | Reached XP level 4. HP: 22/29 MP: 4/4
   691 | D:4      | Reached skill level 3 in Maces & Flails
   701 | D:4      | Reached XP level 5. HP: 14/33 MP: 5/5
  1216 | D:4      | Found Ohol Vin's Gadget Emporium.
  1483 | D:4      | Reached skill level 4 in Maces & Flails
  1483 | D:4      | Reached XP level 6. HP: 32/38 MP: 6/6
  1530 | D:3      | Noticed a sky beast
  1557 | D:3      | Killed a sky beast
  1558 | D:3      | Reached skill level 1 in Dodging
  2681 | D:2      | Found a white marble altar of Elyvilon.
  3091 | D:4      | Reached XP level 7. HP: 43/43 MP: 7/7
  3217 | D:5      | Entered Level 5 of the Dungeon
  3227 | D:5      | Found a hide-covered altar of Uskayaw.
  3268 | D:4      | Reached skill level 5 in Armour
  3295 | D:5      | Reached skill level 5 in Shields
  3486 | D:5      | Reached skill level 5 in Maces & Flails
  3971 | D:5      | Reached XP level 8. HP: 48/48 MP: 8/8
  4016 | D:5      | Found an ornate altar of the Wu Jian Council.
  4023 | D:5      | Noticed Ijyb
  4034 | D:5      | Killed Ijyb
  4344 | D:6      | Noticed Edmund
  4537 | D:5      | Killed Edmund
  4549 | D:5      | Reached skill level 6 in Maces & Flails
  4657 | D:6      | Reached skill level 5 in Fighting
  4657 | D:6      | Reached skill level 1 in Stealth
  4721 | D:6      | Found an opulent altar of Gozag.
  5122 | D:7      | Reached XP level 9. HP: 31/54 MP: 9/9
  5350 | D:7      | Found a sacrificial altar of Ru.
  5383 | D:7      | Reached skill level 7 in Maces & Flails
  5418 | D:7      | Found Romnos's General Store.
  5429 | D:7      | Got a scorched flail
  5430 | D:7      | Identified the +5 flail of Mitheng {vorpal, rN+ SInv} (You
                  | found it on level 7 of the Dungeon)
  5614 | D:7      | Noticed Duvessa
  5615 | D:7      | Noticed Dowan
  5621 | D:7      | Killed Duvessa
  5637 | D:7      | Killed Dowan
  6299 | D:7      | Found a staircase to the Ecumenical Temple.
  6334 | Temple   | Entered the Ecumenical Temple
  6340 | Temple   | Became a worshipper of Warmaster Okawaru
  6577 | D:8      | Reached skill level 8 in Maces & Flails
  6979 | D:8      | Found a sparkling altar of Nemelex Xobeh.
  7054 | D:8      | Noticed Prince Ribbit
  7064 | D:8      | Killed Prince Ribbit
  7359 | D:8      | Reached XP level 10. HP: 51/60 MP: 10/10
  7413 | D:8      | Found a staircase to the Lair.
  7626 | Lair:1   | Entered Level 1 of the Lair of Beasts
  7628 | Lair:1   | Noticed Erica
  7630 | Lair:1   | Noticed Sonja
  7635 | Lair:1   | Killed Sonja
  7635 | Lair:1   | Reached * piety under Okawaru
  7639 | Lair:1   | Killed Erica
  7640 | Lair:1   | Reached skill level 9 in Maces & Flails
  7643 | Lair:1   | Reached ** piety under Okawaru
  7907 | Lair:1   | Noticed Gastronok
  7921 | Lair:1   | Mangled by Gastronok

Illustrated notes

Levels and vault maps discovered:
D:1:      ldierk_walled_garden, layout_basic, hangedman_decor_growths
D:2:      layout_rooms, general_overflow_altar, minmay_splitting_lines
D:3:      layout_loops_ring, grunt_decor_clamped
D:4:      layout_basic, serial_shops, shop, minivault_4
D:5:      layout_gridville, nicolae_overflow_hidden_temple,
          eat_drink_and_be_merry_uskayaw, uniq_ijyb
D:6:      layout_cave_pools, nicolae_gozag_cash_rules_everything_around_me,
          corexii_corridor_pit, uniq_edmund
D:7:      layout_cave_pools, nicolae_ru_awakened_eye,
          minmay_temple_entry_overgrown, serial_shops, shop,
          hangedman_decor_slide_cut, lemuel_flamethrower_2, uniq_duvessa
D:8:      layout_basic, nemelex_altar_shiori, dpeg_oklobed_lair,
          uniq_prince_ribbit1
Temple:   eino_temple_rhombus
Lair:1:   beast_lair_carwin_large_1, layout_small_grid, wad_woods_03,
          lemuel_fruit_fields, uniq_gastronok, uniq_maggie, uniq_erica,
          uniq_sonja

Skill      XL: |  1  2  3  4  5  6  7  8  9 10 |
---------------+-------------------------------+-----
Maces & Flails | 3 4 5 6 8 9 |  9.4
Shields        | 4 5 6 7 8 |  8.3
Armour         | 4 5 6 7 8 |  8.1
Fighting       | 4 5 6 |  6.7
Dodging        | 1 2 3 |  3.8
Stealth        | 1 2 |  2.9
Evocations     | |  0.3

Action                   |  1- 3 |  4- 6 |  7- 9 | 10-12 || total
-------------------------+-------+-------+-------+-------++-------
Melee: Flail             |    92 |   220 |   371 |    39 ||   722
Evoke: Wand              |       |       |       |     2 ||     2
  Use: Scroll            |       |     9 |     2 |     4 ||    15
       Potion            |       |     2 |     2 |     2 ||     6
 Stab: Invisible         |       |       |     3 |       ||     3
       Sleeping          |       |       |     1 |       ||     1
Armor: Scale mail        |    57 |   133 |   130 |       ||   320
       Chain mail        |       |       |    82 |       ||    82
       Acid dragon scale |       |       |    10 |     8 ||    18
Dodge: Dodged            |    38 |    61 |   158 |    22 ||   279
Block: Kite shield       |    50 |   124 |   273 |    27 ||   474

Table legend: (Time is in decaauts)
 A = Elapsed time spent in this place.
 B = Non-inter-level travel time spent in this place.
 C = Inter-level travel time spent in this place.
 D = Time resting spent in this place.
 E = Time spent auto-exploring this place.
 F = Levels seen in this place.
 G = Mean time per level.
                   A        B        C        D        E       F      G
               +--------+--------+--------+--------+--------+-----+--------+
         Total |   8089 |   8027 |     62 |   2139 |   3944 |  10 |  808.9 |
       Dungeon |   7776 |   7714 |     62 |   2128 |   3727 |   8 |  972.0 |
        Temple |     12 |     12 |      0 |      0 |      0 |   1 |   12.0 |
          Lair |    299 |    299 |      0 |     11 |    217 |   1 |  299.0 |
               +--------+--------+--------+--------+--------+-----+--------+

Top non-repeatable levels by time:
     D:7: 1366 daAuts
     D:4: 1343 daAuts
     D:8: 1167 daAuts
     D:3: 1102 daAuts
     D:5: 1021 daAuts
     D:6: 699 daAuts
     D:1: 614 daAuts
     D:2: 461 daAuts
  Lair:1: 299 daAuts
  Temple: 12 daAuts
